 Dungeon Crawl Stone Soup version 0.28-a0-823-gb444dcf96d (webtiles) character file.

Game seed: 1820002310796924733

1082 lawman0 the Magician (level 8, -1/62 HPs)
             Began as a Black Draconian Hedge Wizard on Nov 9, 2021.
             Was an Initiate of Vehumet.
             Slain by a kobold brigand (3 damage)
             ... on level 8 of the Dungeon.
             The game lasted 00:14:05 (7956 turns).

lawman0 the Magician (Black Draconian Hedge Wizard) Turns: 7956, Time: 00:14:06

Health: -1/62      AC:  7    Str: 12    XL:     8   Next: 8%
Magic:  3/15       EV: 12    Int: 17    God:    Vehumet [......]
Gold:   53         SH:  0    Dex: 11    Spells: 8/17 levels left

rFire   . . .      SeeInvis .   f - +3 dagger (drain)
rCold   + . .      Faith    .   (no shield)
rNeg    . . .      Spirit   .   (armour unavailable)
rPois   +          Reflect  .   b - +1 hat
rElec   +          Harm     .   p - scarf {shadows}
rCorr   .          Rampage  .   (no gloves)
Will    .....                   (no boots)
Stlth   ++........              (no amulet)
HPRegen 0.20/turn               a - ring of poison resistance
MPRegen 0.14/turn               t - ring of protection from cold

@: short of breath, marked, on blink cooldown
A: breathe lightning, AC +6, unfitting armour, electricity resistance,
cold-blooded
a: Breathe Lightning, Renounce Religion


You were on level 8 of the Dungeon.
You worshipped Vehumet.
Vehumet was noncommittal.
You visited 2 branches of the dungeon, and saw 10 of its levels.

You collected 228 gold pieces.
You spent 175 gold pieces at shops.

Inventory:

Hand Weapons
 f - a +3 dagger of draining (weapon)
 m - a +1 spear of venom
Missiles
 g - 2 throwing nets
Armour
 b - a +1 hat (worn)
 p - a scarf of shadows (worn)
Jewellery
 a - a ring of poison resistance (left hand)
 j - a ring of flight
 t - a ring of protection from cold (right hand)
 u - a +6 ring of intelligence
Wands
 c - a wand of polymorph (6)
Scrolls
 e - a scroll of torment
 n - a scroll of holy word
 o - a scroll of enchant weapon
 r - 3 scrolls of identify
 s - a scroll of amnesia
Potions
 d - 3 potions of flight
 h - 4 potions of mutation {unknown}
 k - 4 potions of curing {unknown}
 l - 2 potions of berserk rage {unknown}
 q - a potion of lignification {unknown}


   Skills:
 + Level 2.6 Fighting
 + Level 3.4 Dodging
 + Level 2.8 Stealth
 + Level 5.0 Spellcasting
 * Level 4.3 Conjurations
 + Level 0.1 Hexes
 + Level 1.7 Summonings
 + Level 1.0 Translocations
 * Level 3.5 Air Magic
 * Level 3.4 Poison Magic


You had 8 spell levels left.
You knew the following spells:

 Your Spells              Type           Power      Damage    Failure   Level
a - Magic Dart            Conj           72%        1d6       2%          1
b - Slow                  Hex            16%        N/A       14%         1
c - Blink                 Tloc           14%        N/A       14%         2
d - Call Imp              Summ           10%        N/A       11%         2
e - Mephitic Cloud        Conj/Pois/Air  17%        N/A       9%          3

Your spell library contained the following spells:

 Spells                   Type           Power      Damage    Failure   Level
 Conjure Flame            Conj/Fire      11%        6-21      19%         3


Dungeon Overview and Level Annotations

Branches:
Dungeon (9/15)             Temple (1/1) D:5            Lair (0/6) D:9
    Orc (0/2) D:9

Altars:
Ashenzari
Cheibriados
Dithmenos
Elyvilon
Gozag
Kikubaaqudgha
Makhleb
Nemelex Xobeh
Okawaru
Qazlal
Sif Muna
Trog
Uskayaw
Vehumet
Wu Jian
Xom
Beogh

Shops:
D:2 *   D:3 (!:??

Annotations:
D:4 Edmund, Pikel
D:8 Harold


Innate Abilities, Weirdness & Mutations

You can breathe wild blasts of lightning.
Your glossy black scales are hard. (AC +6)
You cannot fit into any form of body armour.
You are resistant to electric shocks. (rElec)
You are cold-blooded and may be slowed by cold attacks.


Message History

Unknown command.
Unknown command.
You breathe a wild blast of lightning!
You hear a mighty clap of thunder!
The bolt of lightning hits Harold!
Harold is lightly wounded.
You hear a mighty clap of thunder!
You hear a shout! x4
The kobold closely misses you.
Unknown command.
An orc priest comes into view. It is wielding a +0 trident.
Harold hits you with a +0 short sword!!
Unknown command.
Harold hits you with a +0 short sword. The kobold hits you but does no damage.
Harold gestures at you while chanting. The mark upon you grows brighter.
A kobold comes into view. It is wielding a +0 short sword.
A kobold comes into view. It is wielding a +0 dagger.
You hit the kobold.
You kill the kobold!
Vehumet accepts your kill.
Okay, then.
Casting: Mephitic Cloud (dangerous; 9% risk of failure)
Confirm with . or Enter, or press ? or * to list all spells.
You blink.
The kobold brigand barely misses you. The orc warrior barely misses you.
Unknown command.
You barely miss the orc warrior.
Your tail-slap misses the orc warrior.
The orc warrior is lightly wounded.
The orc priest hits you from afar with a +0 trident.
* * * LOW HITPOINT WARNING * * *
The kobold brigand closely misses you.
The orc warrior hits you with a +0 long sword!
* * * LOW HITPOINT WARNING * * *
Unknown command.
You hit the kobold brigand but do no damage.
You drain the kobold brigand.
The kobold brigand is lightly wounded.
The orc priest barely misses you.
The kobold brigand hits you with a +0 club.
You die...

#..# ####..# .....#
+#### #...# #...#
... .>.# ##)#.#####
... #.###K...######
###
##o#K######...#...#
##@@# #.>.#.>.#
##o# ##...#...# #o#
##'#### #+
#.####o.###
#.o.[@.o..#
#########o#####..
#..@..@o.
#.########
#.........


You could see Harold, an orc warrior, a kobold brigand (drained), 2 orc priests,
an orc and a kobold.

Vanquished Creatures
  An ogre (D:4)
  A necrophage (D:4)
  A centaur (D:5)
  A lemure (D:4)
  A bullfrog (D:5)
  A howler monkey (D:9)
  2 orc priests (D:3)
  A centaur skeleton (D:5)
  A hound (D:4)
  2 jellies
  Jessica (D:2)
  2 iguanas (D:5)
  2 orc wizards
  A killer bee zombie (D:9)
  A hound skeleton (D:4)
  9 gnolls
  4 adders
  2 ufetubi (D:5)
  2 worms
  3 dart slugs
  8 orcs
  7 ball pythons
  6 bats
  9 endoplasms
  3 giant cockroaches
  10 goblins
  10 hobgoblins
  5 jackals
  6 kobolds
  7 quokkas
  4 frilled lizards
  10 rats
124 creatures vanquished.

Vanquished Creatures (collateral kills)
  A water moccasin (D:5)
  A gnoll (D:4)
  A worm (D:2)
  A giant cockroach (D:2)
  A jackal (D:2)
  A kobold (D:2)
6 creatures vanquished.

Vanquished Creatures (others)
  10 fungi (D:9)
  19 plants
29 creatures vanquished.

Grand Total: 159 creatures vanquished

Notes
Turn   | Place    | Note
-------+----------+-------------------------------------------
     0 | D:1      | lawman0 the Draconian Hedge Wizard began the quest for the
                  | Orb.
     0 | D:1      | Reached XP level 1. HP: 14/14 MP: 4/4
   277 | D:1      | Reached XP level 2. HP: 11/20 MP: 0/6
   458 | D:1      | Learned a level 1 spell: Slow
   461 | D:1      | Learned a level 2 spell: Blink
   464 | D:1      | Learned a level 2 spell: Call Imp
   610 | D:1      | Found a faded altar of an unknown god.
  1555 | D:2      | Reached XP level 3. HP: 27/27 MP: 2/8
  1683 | D:2      | Found a snail-covered altar of Cheibriados.
  2199 | D:2      | Found Lisob's Assorted Antiques.
  2208 | D:2      | Bought a viscous brown potion for 22 gold pieces
  2208 | D:2      | Bought a viscous brown potion for 22 gold pieces
  2331 | D:2      | Noticed Jessica
  2337 | D:2      | Learned a level 3 spell: Mephitic Cloud
  2341 | D:2      | Killed Jessica
  2342 | D:2      | Reached XP level 4. HP: 28/34 MP: 5/9
  2604 | D:2      | Reached skill level 4 in Spellcasting
  2777 | D:2      | Bought a white potion for 22 gold pieces
  2844 | D:3      | Found Hysao's Distillery.
  2852 | D:3      | Bought a potion of degeneration for 14 gold pieces
  2876 | D:3      | Found Geim's Antique Weapon Boutique.
  2974 | D:3      | Found Ymev's Book Shoppe.
  3049 | D:3      | Found Gymupt's Magic Scroll Emporium.
  3097 | D:3      | Reached skill level 1 in Poison Magic
  3224 | D:2      | Reached XP level 5. HP: 24/39 MP: 3/11
  3722 | D:3      | Reached skill level 1 in Fighting
  3758 | D:3      | Found Hoganaon's Magic Scroll Emporium.
  3837 | D:4      | Noticed Edmund
  3901 | D:3      | Reached skill level 1 in Air Magic
  4374 | D:4      | Reached XP level 6. HP: 21/47 MP: 8/12
  4967 | D:4      | Noticed Pikel
  5450 | D:5      | Entered Level 5 of the Dungeon
  5481 | D:5      | Your scales start taking on a glossy black colour.
  5481 | D:5      | Reached XP level 7. HP: 46/55 MP: 4/13
  5481 | D:5      | Gained mutation: You are resistant to electric shocks.
                  | (rElec) [Black Draconian growth]
  6433 | D:5      | Found a staircase to the Ecumenical Temple.
  6459 | Temple   | Entered the Ecumenical Temple
  6568 | Temple   | daddy veh
  6568 | Temple   | Became a worshipper of Vehumet
  6896 | D:4      | Reached skill level 5 in Spellcasting
  7447 | D:3      | Bought a scroll of identify for 20 gold pieces
  7447 | D:3      | Bought a scroll of identify for 20 gold pieces
  7447 | D:3      | Bought a scroll of identify for 20 gold pieces
  7447 | D:3      | Bought a scroll of magic mapping for 35 gold pieces
  7647 | D:6      | You are sucked into a shaft and drop 3 floors!
  7657 | D:9      | Reached XP level 8. HP: 56/62 MP: 13/15
  7661 | D:9      | Noticed a hornet
  7662 | D:9      | Noticed a troll
  7662 | D:9      | Noticed a two-headed ogre
  7673 | D:9      | Found a staircase to the Orcish Mines.
  7839 | D:8      | Noticed Harold
  7955 | D:8      | HP: 2/62 [orc warrior (16)]
  7956 | D:8      | Slain by a kobold brigand

Illustrated notes

.....#....... ..#..._...#..
.....#........ ......#.......#..
......#....... .....#.....#...# .
.<....#.....#.#.....#._.#.#._.# .
......#..#.#...##...#...#.....#..
.....#......._...#...#.......#...
.....#...#.......#...#..._...#...
...##...#...#.....#...##...##....
###......._.....@.......###......
........#.....#...#............##
.........#.......#...........###
##.......#..._...........#####
###......##...#.#.....###
###......#.#......###
###...........### ###.......###
#########


Turn 6568 on Temple: daddy veh

Levels and vault maps discovered:
D:1:      minmay_arrival_four_circles, layout_basic,
          hellmonk_ecumenical_altar_defaced_shrine
D:2:      minmay_angry_zag, layout_basic, serial_shops, shop, basic_altar,
          uniq_jessica
D:3:      layout_basic, serial_shops, nicolae_shop_behind_doors, shop, shop,
          nicolae_shop_statue_plus, nicolae_shop_window_shopping
D:4:      layout_layer_cave, minmay_misc_feat_rugged, st_stairs_4, uniq_pikel,
          uniq_edmund
D:5:      layout_basic, minmay_temple_entry_arrows, dk_rats_in_the_wall
D:6:      wander_river, layout_basic, marbit_many_paths, uniq_crazy_yiuf_cottage
D:7:      layout_cave_pools, nicolae_overflow_crystal_walls
D:8:      layout_loops_ring, tso_oasis_becter, nicolae_hepliaklqana_hippocampus,
          nicolae_ossuary_entry_false_entrances, serial_shops, shop,
          uniq_psyche, uniq_harold
D:9:      minmay_skewed_foursquare, layout_cave_pools,
          gammafunk_temple_overflow_wave, grunt_lair_entry_orc_guard_hut,
          serial_park, serial_park_square1 [serial_park_minivault_5x5_2]
Temple:   regret_index_temple_sphere_string

Skill      XL: |  1  2  3  4  5  6  7  8 |
---------------+-------------------------+-----
Stealth        | 2 |  2.8
Dodging        | 2 3 |  3.4
Conjurations   | 2 3 4 |  4.3
Spellcasting   | 4 5 |  5.0
Poison Magic   | 1 2 3 |  3.4
Fighting       | 1 2 |  2.6
Air Magic      | 1 2 3 |  3.5
Hexes          | |  0.1
Summonings     | |  1.7
Translocations | |  1.0

Action                   |  1- 3 |  4- 6 |  7- 9 || total
-------------------------+-------+-------+-------++-------
Melee: Dagger            |    63 |   127 |    86 ||   276
       Tailslap          |     4 |    12 |     9 ||    25
 Cast: Magic Dart        |    87 |   100 |    49 ||   236
       Call Imp          |     2 |     7 |     2 ||    11
       Mephitic Cloud    |       |     6 |     9 ||    15
       Blink             |       |     1 |     2 ||     3
       Slow              |       |       |     2 ||     2
 Abil: Breathe Lightning |       |       |    12 ||    12
Evoke: Wand              |       |       |     1 ||     1
  Use: Scroll            |     4 |     4 |     7 ||    15
       Potion            |       |     1 |     1 ||     2
 Stab: Distracted        |     1 |       |       ||     1
       Sleeping          |       |     2 |       ||     2
       Confused          |       |     3 |     2 ||     5
Armor: Skin              |    21 |    55 |    44 ||   120
Dodge: Dodged            |    45 |   115 |    94 ||   254

Table legend: (Time is in decaauts)
 A = Elapsed time spent in this place.
 B = Non-inter-level travel time spent in this place.
 C = Inter-level travel time spent in this place.
 D = Time resting spent in this place.
 E = Time spent auto-exploring this place.
 F = Levels seen in this place.
 G = Mean time per level.
                   A        B        C        D        E       F      G
               +--------+--------+--------+--------+--------+-----+--------+
         Total |   7946 |   7588 |    358 |   1068 |   4974 |  10 |  794.6 |
       Dungeon |   7820 |   7477 |    343 |   1068 |   4888 |   9 |  868.9 |
        Temple |    125 |    110 |     15 |      0 |     86 |   1 |  125.0 |
               +--------+--------+--------+--------+--------+-----+--------+

Top non-repeatable levels by time:
     D:4: 2245 daAuts
     D:2: 1522 daAuts
     D:1: 1462 daAuts
     D:5: 1222 daAuts
     D:3: 1062 daAuts
     D:8: 213 daAuts
  Temple: 125 daAuts
     D:9: 70 daAuts
     D:6: 17 daAuts
     D:7: 3 daAuts
